 Dungeon Crawl Stone Soup version 0.26.1-11-gd32895ea62 (webtiles) character file.

Game seed: 11003063618102114184

546761 stebl the End of an Era (level 24, -14/202 HPs)
             Began as a Demonspawn Gladiator on Aug 6, 2021.
             Was the Champion of Qazlal.
             Killed from afar by a purple draconian (27 damage)
             ... with a bolt of dispelling energy
             ... on level 2 of the Realm of Zot on Aug 8, 2021.
             The game lasted 04:10:39 (60951 turns).

stebl the End of an Era (Demonspawn Gladiator)     Turns: 60951, Time: 04:10:40

Health: -14/202    AC: 47    Str: 33    XL:     24   Next: 92%
Magic:  39/39      EV:  9    Int: 25    God:    Qazlal [******]
Gold:   3349       SH:  8    Dex: 13    Spells: 23/23 levels left

rFire    + . .     SeeInvis +   a - +7 executioner's axe (vorpal)
rCold    + + +     Faith    .   (shield currently unavailable)
rNeg     . . .     Spirit   .   C - +12 gold dragon scales
rPois    +         Reflect  .   l - +2 helmet
rElec    +         Harm     .   A - +2 cloak {rCorr}
rCorr    +         Rampage  .   (gloves unavailable)
Will     ++...                  w - +0 pair of boots of Jetz {*Contam Regen+ Str+3 Int+9} (curse)
Stlth    ..........             W - amulet of the acrobat
HPRegen  0.83/turn              T - ring "Yvveic" {+Inv rElec rC+ Str+6 Int+2}
MPRegen  0.26/turn              m - ring "Owehid" {rC+ Will+ Int+2 SInv}

@: protected from physical damage, repel missiles
A: claws 3, slimy green scales 2, clumsy 1, cold resistance 1, foul stench 2,
passive freeze, screaming 1, spiny 3, miasma immunity, freezing cloud immunity
}: 3/15 runes: decaying, silver, gossamer
a: Renounce Religion, Evoke Invisibility, Upheaval, Elemental Force, Disaster
Area


You were on level 2 of the Realm of Zot.
You worshipped Qazlal.
Qazlal was exalted by your worship.
You visited 8 branches of the dungeon, and saw 43 of its levels.
You visited 2 bazaars.
You also visited: Bailey.

You collected 7057 gold pieces.
You spent 3708 gold pieces at shops.

Inventory:

Hand Weapons
 a - a +7 vorpal executioner's axe (weapon)
 b - the +8 arbalest of the Shining Light {vorpal, Will+}
   (You took it off an ironheart preserver on level 5 of the Vaults)

   Any bolt fired from it inflicts extra damage.
   It affects your willpower, your defense against some magical effects.
 c - a +4 battleaxe of freezing
Missiles
 d - 3 throwing nets (quivered)
 Q - 1261 bolts
Armour
 l - a +2 helmet (worn)
 w - the cursed +0 pair of boots of Jetz (worn) {*Contam Regen+ Str+3 Int+9}
   (You bought it in a shop on level 2 of the Orcish Mines)

   It affects your strength (+3).
   It affects your intelligence (+9).
   It causes magical contamination when unequipped.
   It increases your rate of regeneration.
   It has a curse placed upon it.
 A - a +2 cloak of preservation (worn)
 C - +12 gold dragon scales (worn)
Jewellery
 h - an uncursed ring of positive energy
 m - the ring "Owehid" (right claw) {rC+ Will+ Int+2 SInv}
   (You found it on level 3 of the Swamp)

   [ring of willpower]

   It affects your intelligence (+2).
   It protects you from cold.
   It affects your willpower, your defense against some magical effects.
   It lets you see invisible.
 u - an uncursed ring of willpower
 y - an uncursed ring of protection from fire
 L - an uncursed ring of flight
 P - an uncursed ring of protection from fire
 T - the ring "Yvveic" (left claw) {+Inv rElec rC+ Str+6 Int+2}
   (You acquired it on level 15 of the Dungeon)

   [ring of strength]

   It affects your strength (+6).
   It affects your intelligence (+2).
   It protects you from cold.
   It insulates you from electricity.
   It lets you turn invisible.
 W - an amulet of the acrobat (around neck)
Wands
 r - a wand of acid (60)
 O - a wand of digging (12)
Scrolls
 q - 16 scrolls of teleportation
 s - 4 scrolls of fear
 B - 3 scrolls of fog
 D - a scroll of brand weapon
 E - 4 scrolls of blinking
 F - 17 scrolls of remove curse
 I - 2 scrolls of summoning
 J - 5 scrolls of silence
 K - 3 scrolls of magic mapping
 M - 3 scrolls of amnesia
 N - 10 scrolls of identify
 U - a scroll of holy word
 Z - 2 scrolls of enchant armour
Potions
 e - 3 potions of berserk rage
 f - 4 potions of invisibility
 g - 21 potions of curing
 i - 4 potions of cancellation
 k - 8 potions of haste
 o - 8 potions of ambrosia
 p - 10 potions of flight
 v - 7 potions of might
 z - 7 potions of mutation
 R - 4 potions of resistance
 S - 5 potions of magic
 V - 14 potions of heal wounds
Miscellaneous
 j - a phial of floods
 n - a phantom mirror
 t - a lightning rod (4/4)
 x - a tin of tremorstones (2/2)
 H - a condenser vane
 X - a box of beasts


   Skills:
 + Level 19.5 Fighting
 - Level 21.0 Axes
 - Level 18.0 Crossbows
 - Level 1.7 Throwing
 + Level 16.1 Armour
 - Level 4.1 Dodging
 - Level 24.3 Invocations
 - Level 1.1 Evocations


You had 23 spell levels left.
You didn't know any spells.
Your spell library contained the following spells:

 Spells                   Type           Power        Failure   Level
 Animate Skeleton         Necr           0%           83%         1
 Apportation              Tloc           0%           83%         1
 Corona                   Hex            0%           83%         1
 Foxfire                  Conj/Fire      0%           83%         1
 Magic Dart               Conj           0%           83%         1
 Pain                     Necr           0%           83%         1
 Sandblast                Erth           0%           83%         1
 Shock                    Conj/Air       0%           83%         1
 Sting                    Tmut/Pois      0%           83%         1
 Corpse Rot               Necr/Air       N/A          93%         2
 Ensorcelled Hibernation  Hex/Ice        0%           93%         2
 Passwall                 Tmut/Erth      0%           93%         2
 Poisonous Vapours        Pois/Air       0%           93%         2
 Searing Ray              Conj           0%           93%         2
 Sublimation of Blood     Necr           0%           93%         2
 Swiftness                Air            0%           93%         2
 Confusing Touch          Hex            0%           99%         3
 Dazzling Flash           Conj/Hex       0%           99%         3
 Ignite Poison            Fire/Tmut/Pois 0%           99%         3
 Lesser Beckoning         Tloc           0%           99%         3
 Mephitic Cloud           Conj/Pois/Air  0%           99%         3
 Static Discharge         Conj/Air       0%           99%         3
 Stone Arrow              Conj/Erth      0%           99%         3
 Tukima's Dance           Hex            0%           99%         3
 Vampiric Draining        Necr           0%           99%         3
 Animate Dead             Necr           0%           100%        4
 Dispel Undead            Necr           0%           100%        4
 Fulminant Prism          Conj/Hex       0%           100%        4
 Hailstorm                Conj/Ice       0%           100%        4
 Iskenderun's Mystic Bla  Conj/Tloc      0%           100%        4
 Olgreb's Toxic Radiance  Pois           0%           100%        4
 Petrify                  Tmut/Erth      0%           100%        4
 Agony                    Necr           0%           100%        5
 Alistair's Intoxication  Tmut/Pois      0%           100%        5
 Bolt of Magma            Conj/Fire/Erth 0%           100%        5
 Borgnjor's Vile Clutch   Necr/Erth      0%           100%        5
 Excruciating Wounds      Necr           0%           100%        5
 Fireball                 Conj/Fire      0%           100%        5
 Lee's Rapid Deconstruct  Erth           0%           100%        5
 Lightning Bolt           Conj/Air       0%           100%        5
 Silence                  Hex/Air        0%           100%        5
 Freezing Cloud           Conj/Ice/Air   0%           100%        6
 Invisibility             Hex            0%           100%        6
 Shadow Creatures         Summ           N/A          100%        6
 Starburst                Conj/Fire      0%           100%        6
 Ignition                 Fire           0%           100%        8
 Shatter                  Erth           0%           100%        9
 Tornado                  Air            0%           100%        9


Dungeon Overview and Level Annotations

Branches:
Dungeon (15/15)            Temple (0/1) D:7            Lair (6/6) D:11
  Swamp (4/4) Lair:4       Spider (4/4) Lair:3        Slime (0/5) Lair:5
    Orc (2/2) D:9             Elf (0/3) Orc:2        Vaults (5/5) D:13
  Crypt (0/3) Vaults:2     Depths (5/5) D:15            Zot (2/5) Depths:5
 Bailey (visited)

Altars:
Elyvilon
Fedhas
Makhleb
Nemelex Xobeh
Okawaru
Qazlal
Ru
Trog
Xom
Yredelemnul
Zin
Beogh
Jiyva

Shops:
D:5 :   D:8 !(**   D:10 [}}[   D:12 ?   D:13 *   D:15 (   Orc:2 (*[:
Vaults:1 *(((   Vaults:2 (   Depths:5 =}=

Portals:
Hell: Depths:1 Depths:2 Depths:3 Depths:4 Depths:5
Abyss: Depths:4 Depths:5
Pandemonium: Depths:1 Depths:3 Depths:4 Depths:5
Ziggurat: Depths:5
Trove: D:11 (give 4 potions of resistance)

Annotations:
D:6 3 runed translucent doors, Ekaitz's ghost, novice TeAE
D:12 3 runed translucent doors
Depths:2 1 runed translucent door


Innate Abilities, Weirdness & Mutations

You have claws for hands.
You are mostly covered in slimy green scales. (AC +3)
Your flesh is cold resistant. (rC+)
You frequently emit foul miasma when damaged in melee.
A frigid envelope surrounds you and freezes all who hurt you.
You are completely covered in sharp spines.
You are immune to miasma.
You are immune to freezing clouds.
You are clumsy. (Dex -2)
You occasionally shout uncontrollably at your foes.


Message History

You hear a deafening roar!
The purple draconian is no longer moving slowly.
The quicksilver dragon breathes dispelling energy at you.
The bolt of dispelling energy hits you.
You feel more protected from physical attacks.
* * * LOW HITPOINT WARNING * * *
A green draconian comes into view. It is wielding a +0 halberd.
A black draconian comes into view. It is wielding a +0 mace.
The purple draconian monk is struck by your spines.
The purple draconian monk hits you but does no damage.
The purple draconian monk is very cold.
The purple draconian monk seems to slow down.
The purple draconian monk is almost dead.
You block the purple draconian monk's attack.
The purple draconian monk tail-slaps you but does no damage.
The purple draconian monk is very cold.
The purple draconian monk is almost dead.
The purple draconian breathes dispelling energy at you.
The bolt of dispelling energy hits you!!
You die...

#((.. ... (##.(.. ##..
(.d.(.. #... #(...(((
#.. ..q....qd( #.###
.......(..
#.#####§°.###.......(..
##....°qd....q.....#q(..
....D.○@).......####....
......)☼§°.....####q....
.....☼.#°....####.......
.....###...q.##....d....
..................D..(.#
..[........^....#.q).###
d.................d.#
d.....##...[...#..)##
... ######........


You could see a purple draconian monk (slow, catching breath, sick), a black
draconian, a green draconian, a purple draconian (catching breath), a yellow
draconian shifter, a quicksilver dragon (catching breath) and a yellow draconian
stormcaller.

Vanquished Creatures
  An orb of fire (Zot:1)
  Mennas (Vaults:5)
  Mara (Spider:4)
  2 ancient liches
  2 juggernauts
  Sojobo (Vaults:2)
  Boris (twice) (Depths:5 Vaults:5)
  Saint Roka (Depths:4)
  Xtahua (Depths:5)
  A curse toe (Zot:1)
  7 golden dragons
  the Enchantress (Depths:5)
  Nikola (Depths:3)
  A bone dragon (Depths:5)
  An electric golem (Zot:1)
  4 tentacled monstrosities
  3 liches
  4 quicksilver dragons
  Asterion (Depths:2)
  6 titans
  10 sphinxes
  3 death cobs
  2 thorn hunters (Swamp:4)
  12 storm dragons
  9 shadow dragons
  9 tengu reavers
  Kirke (D:15)
  The ghost of Kipt the Spry, an adept SpFE of Dithmenos (Vaults:3)
  A draconian monk (Depths:5)
  A fenstrider witch (Swamp:3)
  15 fire giants
  A draconian knight (Zot:2)
  10 frost giants
  Aizul (Lair:3)
  2 orc warlords (Orc:2)
  4 iron dragons
  A draconian shifter (Zot:2)
  16 vault wardens
  2 deep elf sorcerers
  A draconian scorcher (Depths:5)
  2 draconian annihilators (Zot:2)
  A balrug (Depths:5)
  A ghoul (Vaults:2)
  3 ghost moths (Spider:4)
  7 emperor scorpions
  5 spriggan defenders
  2 war gargoyles (Vaults:5)
  A curse skull (Vaults:2)
  2 draconian stormcallers (Zot:2)
  14 ironheart preservers
  15 very ugly things
  21 stone giants
  Nessos (Orc:2)
  4 black draconians
  2 vampire knights
  2 purple draconians (Zot:2)
  3 green draconians
  2 yellow draconians
  7 bunyips
  4 small abominations (Vaults:5)
  5 red draconians
  2 entropy weavers
  6 spark wasps
  A deep elf demonologist (Vaults:3)
  A white draconian (Zot:2)
  A deep elf death mage (Vaults:5)
  An eidolon (Vaults:2)
  8 eleionomae
  12 ettins
  A merfolk impaler (Depths:2)
  Snorg (Lair:6)
  A crystal guardian (Vaults:3)
  11 fire dragons
  3 deep elf high priests (Vaults:5)
  Josephine (Lair:6)
  10 great orbs of eyes
  3 rakshasas
  11 yaktaur captains
  33 vault guards
  4 spriggan air magi
  A hell beast (Depths:1)
  28 hydras
  2 ghost crabs
  12 ice dragons
  8 boulder beetles
  A merfolk avatar (Lair:6)
  4 death knights
  11 centaur warriors
  11 ogre magi
  3 alligators
  A satyr (shapeshifter) (Vaults:5)
  2 deep troll earth magi (Depths:5)
  A queen ant (shapeshifter) (Vaults:5)
  38 two-headed ogres
  2 tengu warriors
  3 deep troll shamans
  Urug (D:13)
  3 deep elf knights
  An orc high priest (Orc:2)
  3 vampire magi
  3 death yaks (Lair:4)
  8 spriggan berserkers
  A soul eater (Depths:4)
  A storm dragon zombie (Vaults:4)
  A sixfirhy (Depths:3)
  7 hell knights (Depths:4)
  2 iron trolls
  20 spriggans
  A salamander mystic (Depths:1)
  A shadow wraith (Vaults:4)
  A spark wasp zombie (Depths:1)
  A sun demon (Depths:5)
  13 deep trolls
  9 skeletal warriors
  A goliath frog (Swamp:2)
  5 glowing orange brains
  5 flayed ghosts
  4 deep elf archers (Vaults:3)
  3 wizards
  4 unseen horrors
  4 bog bodies
  An orange crystal statue (Vaults:4)
  7 spriggan druids
  13 swamp dragons
  2 glowing orange brains (shapeshifter)
  A wolf spider zombie (D:15)
  21 orb spiders
  A harpy (shapeshifter) (Vaults:1)
  A frost giant zombie (Depths:3)
  4 phantasmal warriors
  3 necromancers
  An oklob plant (Lair:3)
  9 deep elf magi
  A lindwurm (Depths:4)
  4 manticores
  3 harpies
  21 ironbrand convokers
  37 wolf spiders
  5 orc sorcerers
  18 orc knights
  4 will-o-the-wisps
  An orb spider (shapeshifter) (Vaults:3)
  50 ugly things
  3 cyclopes
  4 salamanders
  A moth of wrath (shapeshifter) (Depths:3)
  A human skeleton (Vaults:4)
  A centaur zombie (D:13)
  7 elephants
  2 black mambas
  8 moths of wrath
  Joseph (D:7)
  A rust devil (Depths:3)
  2 smoke demons
  21 vault sentinels
  A gargoyle (D:12)
  19 cane toads
  Maggie (D:7)
  2 orange demons
  An elf skeleton (Depths:3)
  12 demonic crawlers
  A hellion (Depths:4)
  44 yaktaurs
  14 komodo dragons
  8 rime drakes
  13 freezing wraiths
  2 komodo dragons (shapeshifter) (Vaults:1)
  A tormentor (Depths:3)
  12 trolls
  A wind drake (shapeshifter) (Vaults:3)
  A queen bee (shapeshifter) (Depths:4)
  3 tengu conjurers
  A troll (shapeshifter) (Depths:3)
  2 red devils
  22 jumping spiders
  2 bloated husks (Swamp:3)
  22 hornets
  A golden dragon simulacrum (Depths:1)
  A meliai (shapeshifter) (Depths:4)
  8 polar bears
  25 slime creatures
  Prince Ribbit (D:6)
  22 blink frogs
  9 tyrant leeches
  2 merfolk (shapeshifter)
  A fire giant simulacrum (Vaults:3)
  A dream sheep (shapeshifter) (Vaults:3)
  An ice dragon skeleton (Depths:1)
  A ynoxinul (Depths:3)
  A spriggan (shapeshifter) (Vaults:3)
  6 wraiths
  72 redbacks
  A redback (shapeshifter) (Depths:5)
  4 water elementals
  26 yaks
  16 wyverns
  44 tarantellas
  A hog (D:15)
  A human (D:15)
  A golden eye (shapeshifter) (Vaults:1)
  A steam dragon (D:10)
  4 basilisks
  A chaos spawn (Depths:4)
  6 vampire mosquitoes
  A spriggan simulacrum (Depths:1)
  A neqoxec (Depths:5)
  12 swamp worms
  7 wargs
  23 water moccasins
  3 human zombies (Vaults:4)
  Duvessa (D:5)
  A floating eye (shapeshifter) (D:15)
  50 orc warriors
  4 black bears (D:11)
  5 ice beasts
  4 sky beasts
  8 swamp drakes (Swamp:4)
  5 phantoms
  5 boggarts (Vaults:3)
  28 ogres
  18 wolves
  14 centaurs
  A big kobold (D:10)
  2 gnoll sergeants
  24 bullfrogs
  Dowan (D:5)
  A wyvern zombie (D:10)
  2 scorpions
  A water moccasin skeleton (D:7)
  An orc simulacrum (Vaults:1)
  22 killer bees
  10 wights
  6 howler monkeys
  6 electric eels
  2 crimson imps (Depths:2)
  2 quasits (D:11)
  Crazy Yiuf (D:5)
  2 bullfrog zombies
  A human simulacrum (Vaults:2)
  10 hounds
  34 orc priests
  7 centaur skeletons
  7 jellies
  5 bullfrog skeletons
  26 orc wizards
  5 iguanas
  13 worker ants
  A worker ant (shapeshifter) (Depths:4)
  A killer bee zombie (D:7)
  A bullfrog simulacrum (D:8)
  A hound zombie (D:6)
  2 hound skeletons (D:5)
  A howler monkey zombie (D:6)
  A worker ant zombie (D:5)
  27 gnolls
  3 howler monkey skeletons
  8 adders
  11 white imps
  4 ufetubi
  2 oozes
  2 adder zombies
  An adder skeleton (D:4)
  4 worms
  3 dart slugs
  6 leopard geckos
  89 orcs
  10 bats
  6 giant cockroaches
  18 hobgoblins
  20 kobolds
  4 quokkas
  9 frilled lizards
  7 goblins
  2 jackal zombies
  A leopard gecko zombie (D:7)
  9 rats
  A briar patch (Swamp:4)
  2 crawling corpses (Vaults:5)
1932 creatures vanquished.

Vanquished Creatures (collateral kills)
  A tengu warrior (Depths:4)
  An elephant (Lair:6)
  A troll (Orc:2)
  An orc warrior (Orc:2)
  3 orcs (Orc:2)
7 creatures vanquished.

Vanquished Creatures (others)
  A deep elf knight (Vaults:3)
  An elf zombie (Depths:3)
  3 bloated husks
  A tyrant leech (Swamp:2)
  A human (D:15)
  A hound (D:5)
  An orc wizard (D:5)
  A leopard gecko (D:5)
  4 orcs
  A briar patch (Swamp:4)
  A fire vortex (Depths:1)
  4 foxfires (Swamp:3)
  45 fungi
  106 plants
171 creatures vanquished.

Grand Total: 2110 creatures vanquished

Notes
Turn   | Place    | Note
-------+----------+-------------------------------------------
     0 | D:1      | stebl the Demonspawn Gladiator began the quest for the Orb.
     0 | D:1      | Reached XP level 1. HP: 16/16 MP: 1/1
   488 | D:1      | Gained mutation: You are partially covered in slimy green
                  | scales. (AC +2) [demonic ancestry]
   488 | D:1      | Reached XP level 2. HP: 22/22 MP: 2/2
  1387 | D:2      | Reached XP level 3. HP: 25/28 MP: 3/3
  2166 | D:2      | Gained mutation: You have sharp fingernails. [demonic
                  | ancestry]
  2166 | D:2      | Reached XP level 4. HP: 25/34 MP: 4/4
  2494 | D:2      | Found a bloodstained altar of Trog.
  2819 | D:2      | Gained mutation: You are partially covered in sharp spines.
                  | [demonic ancestry]
  2819 | D:2      | Reached XP level 5. HP: 9/40 MP: 5/5
  3058 | D:3      | Reached skill level 5 in Axes
  3179 | D:3      | Found a faded altar of an unknown god.
  3305 | D:5      | Entered Level 5 of the Dungeon
  3545 | D:4      | Noticed an ogre
  4213 | D:5      | Reached XP level 6. HP: 46/47 MP: 6/6
  4800 | D:5      | Gained mutation: You have very sharp fingernails. [demonic
                  | ancestry]
  4800 | D:5      | Reached XP level 7. HP: 54/54 MP: 7/7
  5798 | D:5      | Found Remak's Book Emporium.
  5825 | D:5      | Noticed Duvessa
  5826 | D:5      | Noticed Dowan
  5841 | D:5      | Killed Duvessa
  5842 | D:5      | Reached skill level 5 in Fighting
  5850 | D:5      | Killed Dowan
  6050 | D:5      | Found a runed translucent door.
  6051 | D:5      | Noticed Crazy Yiuf
  6060 | D:5      | Killed Crazy Yiuf
  6259 | D:6      | Reached XP level 8. HP: 28/63 MP: 8/8
  6637 | D:6      | Noticed Prince Ribbit
  6676 | D:6      | Killed Prince Ribbit
  7344 | D:6      | Reached XP level 9. HP: 37/71 MP: 9/9
  7671 | D:6      | Found a stormy altar of Qazlal.
  7683 | D:6      | Became a worshipper of Qazlal Stormbringer
  7751 | D:6      | Found a shimmering altar of Xom.
  8017 | D:6      | Found a runed translucent gate.
  8125 | D:6      | Found a runed translucent gate.
  8125 | D:6      | Found a runed translucent gate.
  8126 | D:6      | Noticed Ekaitz's ghost (novice TeAE)
  8126 | D:6      | Noticed a kobold demonologist
  8126 | D:6      | Identified the +2 whip of Hatred {pain, Str-2 Dex+4}
  8247 | D:7      | Found a sparkling altar of Nemelex Xobeh.
  8368 | D:7      | Noticed Maggie
  8382 | D:7      | Reached skill level 1 in Invocations
  8385 | D:7      | Killed Maggie
  8386 | D:7      | Reached skill level 10 in Axes
  8386 | D:7      | Reached skill level 2 in Invocations
  8837 | D:7      | Found a staircase to the Ecumenical Temple.
  8847 | D:7      | Reached skill level 3 in Invocations
  9166 | D:7      | Reached * piety under Qazlal
  9174 | D:7      | Reached skill level 4 in Invocations
  9320 | D:7      | Noticed Joseph
  9329 | D:7      | Killed Joseph
  9597 | D:7      | Gained mutation: You are immune to miasma. [demonic
                  | ancestry]
  9597 | D:7      | Reached XP level 10. HP: 67/80 MP: 13/13
  9693 | D:8      | Found a basalt altar of Yredelemnul.
  9693 | D:8      | Found a burning altar of Makhleb.
  9701 | D:8      | Found a glowing silver altar of Zin.
  9706 | D:8      | Found a sacrificial altar of Ru.
  9708 | D:8      | Found a white marble altar of Elyvilon.
  9771 | D:8      | Found a blossoming altar of Fedhas.
  9945 | D:8      | Reached skill level 5 in Invocations
 10376 | D:8      | Found Zaowk's General Store.
 10422 | D:8      | Found an iron altar of Okawaru.
 10517 | D:8      | Found Yseumeza's Assorted Antiques.
 10529 | D:8      | Bought a runed helmet for 285 gold pieces
 10596 | D:8      | Found Wyetz's Distillery.
 10619 | D:8      | Bought a potion of curing for 42 gold pieces
 10689 | D:8      | Reached ** piety under Qazlal
 10743 | D:8      | Found Nogoc Zytze's Antique Weapon Emporium.
 11152 | D:9      | Reached skill level 6 in Invocations
 11435 | D:9      | Found a staircase to the Orcish Mines.
 11513 | D:9      | Reached skill level 7 in Invocations
 12265 | D:10     | Entered Level 10 of the Dungeon
 12341 | D:10     | Noticed a brown ugly thing
 12370 | Orc:1    | Entered Level 1 of the Orcish Mines
 12380 | Orc:1    | Reached skill level 1 in Armour
 12593 | Orc:1    | Reached *** piety under Qazlal
 12595 | Orc:1    | Gained mutation: You have claws for hands. [demonic
                  | ancestry]
 12595 | Orc:1    | Reached XP level 11. HP: 78/89 MP: 16/16
 13004 | D:10     | Noticed a two-headed ogre
 13016 | D:10     | Killed a two-headed ogre
 13017 | D:10     | Reached skill level 8 in Invocations
 13074 | D:10     | Killed a brown ugly thing
 13210 | D:10     | Found Pintiag's Antique Armour Shop.
 13341 | D:10     | Found Tident's Gadget Boutique.
 13381 | D:10     | Found Ovvuxelo's Antique Armour Emporium.
 13789 | D:10     | Found Texij's Gadget Boutique.
 13964 | D:11     | Noticed a two-headed ogre
 13970 | D:11     | Killed a two-headed ogre
 13971 | D:11     | Reached skill level 9 in Invocations
 13986 | D:11     | Found a portal to a secret trove of treasure.
 14000 | D:11     | Found a white marble altar of Elyvilon.
 14013 | D:11     | Killed an unseen horror
 14032 | D:11     | Noticed a centaur warrior
 14039 | D:11     | Killed a centaur warrior
 14088 | D:11     | Killed an unseen horror
 14215 | D:11     | Found a flagged portal.
 14365 | Bailey   | Entered a bailey
 14538 | Bailey   | Reached **** piety under Qazlal
 15005 | D:11     | Noticed a two-headed ogre
 15013 | D:11     | Killed a two-headed ogre
 15063 | D:11     | Reached skill level 10 in Invocations
 15079 | D:11     | Reached XP level 12. HP: 73/95 MP: 19/19
 15099 | D:11     | Noticed a two-headed ogre
 15109 | D:11     | Killed a two-headed ogre
 15205 | D:11     | Found a staircase to the Lair.
 15657 | D:8      | Bought a scroll of identify for 76 gold pieces
 15658 | D:8      | Bought a scroll of identify for 76 gold pieces
 15751 | Lair:1   | Entered Level 1 of the Lair of Beasts
 15755 | Lair:1   | Reached skill level 5 in Armour
 16287 | Lair:1   | Reached skill level 11 in Invocations
 16769 | Lair:1   | Noticed an ice dragon
 16776 | Lair:1   | Killed an ice dragon
 17588 | Lair:2   | Noticed a six-headed hydra
 17598 | Lair:2   | Killed a six-headed hydra
 17973 | Lair:3   | Found a hole to the Spider Nest.
 18039 | Lair:3   | Noticed a five-headed hydra
 18294 | Lair:3   | Killed a five-headed hydra
 18295 | Lair:3   | Reached skill level 12 in Invocations
 18295 | Lair:3   | Gained mutation: You may emit foul miasma when damaged in
                  | melee. [demonic ancestry]
 18295 | Lair:3   | Reached XP level 13. HP: 82/101 MP: 13/22
 18624 | Lair:3   | Identified a scroll of acquirement
 18630 | Lair:3   | Acquired the +8 chain mail of Kioll {rC+++ rN+ Int-2 Dex+3}
 19371 | Lair:3   | Reached skill level 15 in Axes
 21086 | Lair:4   | Reached skill level 13 in Invocations
 21216 | Lair:4   | Found a staircase to the Swamp.
 22239 | Lair:5   | You fall into a shaft and drop 1 floor!
 22239 | Lair:6   | Entered Level 6 of the Lair of Beasts
 22339 | Lair:6   | Gained mutation: You are mostly covered in slimy green
                  | scales. (AC +3) [demonic ancestry]
 22339 | Lair:6   | Reached XP level 14. HP: 73/108 MP: 24/24
 22447 | Lair:6   | Reached ***** piety under Qazlal
 22989 | Lair:6   | Reached skill level 14 in Invocations
 23388 | Lair:6   | Noticed Josephine
 23396 | Lair:6   | Noticed Snorg
 23402 | Lair:6   | Killed Josephine
 23418 | Lair:6   | Killed Snorg
 24153 | Lair:5   | Found a viscous altar of Jiyva.
 24154 | Lair:5   | Found a staircase to the Slime Pits.
 24760 | Lair:6   | Got a heavily runed bone amulet
 24769 | Lair:6   | Identified the amulet of Day {Inacc rPois rF+} (You found
                  | it on level 6 of the Lair of Beasts)
 25708 | Orc:2    | Entered Level 2 of the Orcish Mines
 25843 | Orc:2    | Noticed an orc warlord
 25848 | Orc:2    | Reached skill level 1 in Crossbows
 25869 | Orc:2    | Killed an orc warlord
 26586 | Orc:2    | Noticed Nessos
 26592 | Orc:2    | Killed Nessos
 27192 | Orc:2    | Found a staircase to the Elven Halls.
 27345 | Orc:2    | Noticed an orc warlord
 27351 | Orc:2    | Reached skill level 5 in Crossbows
 27520 | Orc:2    | Killed an orc warlord
 28229 | Orc:2    | Found a roughly hewn altar of Beogh.
 28266 | Orc:2    | Found Edgheraci's Antique Weapon Shop.
 28284 | Orc:2    | Found Woorasafud's Antique Armour Shop.
 28288 | Orc:2    | Found Zisywic's Book Shop.
 28353 | Orc:2    | Bought a pair of encrusted boots for 323 gold pieces
 28353 | Orc:2    | Bought a runed cloak for 255 gold pieces
 28373 | Orc:2    | Identified the cursed +0 pair of boots of Jetz {*Contam
                  | Regen+ Str+3 Int+9} (You bought it in a shop on level 2 of
                  | the Orcish Mines)
 28625 | Orc:2    | Found Teamedat's General Store.
 28632 | Orc:2    | Bought +1 gold dragon scales for 1044 gold pieces
 29128 | D:12     | Found Hudghuecs's Magic Scroll Emporium.
 29156 | D:12     | Bought a scroll of identify for 32 gold pieces
 29156 | D:12     | Bought a scroll of enchant armour for 120 gold pieces
 29159 | D:12     | Bought a scroll of identify for 32 gold pieces
 29159 | D:12     | Bought a scroll of identify for 32 gold pieces
 29171 | D:12     | Found a runed translucent gate.
 29171 | D:12     | Found a runed translucent gate.
 29171 | D:12     | Found a runed translucent gate.
 29171 | D:12     | Noticed a cyan very ugly thing
 29392 | D:13     | Noticed Urug
 29416 | D:13     | Killed Urug
 29417 | D:13     | Gained mutation: You are mostly covered in sharp spines.
                  | [demonic ancestry]
 29417 | D:13     | Reached XP level 15. HP: 111/113 MP: 25/25
 29521 | D:13     | Found a gate to the Vaults.
 29681 | D:13     | Found Vaxe Keq's General Store.
 30378 | D:14     | Reached skill level 10 in Armour
 30476 | D:14     | Identified Iqukk's Compendium of Harmful Contamination
 30851 | D:14     | Acquired a +2 executioner's axe of flaming
 30859 | D:15     | Entered Level 15 of the Dungeon
 30931 | D:15     | Noticed Kirke
 30944 | D:15     | Killed Kirke
 31068 | D:15     | Acquired the ring "Yvveic" {+Inv rElec rC+ Str+6 Int+2}
 31069 | D:15     | Got a faintly humming scale mail
 31327 | D:15     | Reached skill level 10 in Crossbows
 31391 | D:15     | Found a staircase to the Depths.
 31623 | D:15     | Found Tibuqad's Weapon Shop.
 32079 | Spider:1 | Entered Level 1 of the Spider Nest
 32085 | Spider:1 | Noticed Aizul
 32098 | Lair:3   | Killed Aizul
 32222 | Spider:1 | Reached skill level 10 in Fighting
 32640 | Spider:1 | Gained mutation: Your flesh is cold resistant. (rC+)
                  | [demonic ancestry]
 32640 | Spider:1 | Reached XP level 16. HP: 122/122 MP: 26/26
 33048 | Spider:1 | Identified the cursed +0 scale mail of Depression {Dex+7
                  | Stlth+} (You found it on level 15 of the Dungeon)
 33196 | Spider:2 | Reached ****** piety under Qazlal
 34778 | Spider:4 | Entered Level 4 of the Spider Nest
 35566 | Spider:4 | Gained mutation: You frequently emit foul miasma when
                  | damaged in melee. [demonic ancestry]
 35566 | Spider:4 | Reached XP level 17. HP: 133/133 MP: 27/27
 36016 | Spider:4 | Noticed Mara
 36022 | Spider:4 | Noticed stebl's illusion
 36629 | Spider:4 | Noticed stebl's illusion
 36635 | Spider:4 | Noticed stebl's illusion
 36639 | Spider:4 | Killed Mara
 37104 | Spider:4 | Got a gossamer rune of Zot
 37436 | D:15     | Bought a +4 battleaxe of freezing for 505 gold pieces
 37682 | Swamp:1  | Entered Level 1 of the Swamp
 39177 | Swamp:4  | Entered Level 4 of the Swamp
 39456 | Swamp:3  | Got a crude brass ring
 39457 | Swamp:3  | Identified the ring "Owehid" {rC+ Will+ Int+2 SInv} (You
                  | found it on level 3 of the Swamp)
 39873 | Swamp:4  | Gained mutation: You are completely covered in sharp
                  | spines. [demonic ancestry]
 39873 | Swamp:4  | Reached XP level 18. HP: 145/145 MP: 24/28
 40510 | Swamp:4  | Got a decaying rune of Zot
 41074 | Swamp:1  | Got a pair of ancient boots
 41075 | Swamp:1  | Identified the +0 pair of boots of Gozag's Scorn {+Inv
                  | rN+++ Str-4 Int-5} (You found it on level 1 of the Swamp)
 41734 | Depths:1 | Entered Level 1 of the Depths
 41840 | Depths:1 | Noticed a juggernaut
 41873 | Depths:1 | Killed a juggernaut
 42435 | Depths:1 | Noticed a lich
 42440 | Depths:1 | Killed a lich
 42481 | Depths:1 | Reached skill level 15 in Fighting
 42711 | Depths:1 | Found a gateway to Hell.
 42877 | Depths:1 | Found a one-way gate leading to the halls of Pandemonium.
 43077 | Depths:1 | Gained mutation: You are immune to freezing clouds.
                  | [demonic ancestry]
 43077 | Depths:1 | Reached XP level 19. HP: 155/155 MP: 29/29
 43506 | Depths:3 | Noticed Nikola
 43722 | Depths:2 | Identified the +7 spear of Yredelemnul's Hope {venom, rElec
                  | rF+++ Will+ Int-5}
 43838 | Depths:3 | Killed Nikola
 43907 | Depths:3 | Found a flickering gateway to a bazaar.
 43919 | Bazaar   | Entered a bazaar
 43923 | Bazaar   | Found Ficemura's Jewellery Boutique.
 43945 | Bazaar   | Found Kecweahe's Antique Armour Emporium.
 43966 | Bazaar   | Found Waozatyo's Book Boutique.
 43986 | Bazaar   | Found Hyce's Antique Weapon Shoppe.
 44029 | Bazaar   | Bought a faintly humming helmet for 171 gold pieces
 44029 | Bazaar   | Identified the +0 helmet of Ashenzari's Hope {rPois} (You
                  | bought it in a shop in a bazaar)
 44213 | Depths:2 | Identified the cursed +0 chain mail of Uguntiah {rPois}
 44213 | Depths:2 | Noticed Asterion
 44918 | Depths:2 | Killed Asterion
 45032 | Depths:2 | Found a runed translucent door.
 45038 | Depths:2 | Found a runed translucent door.
 45063 | Depths:2 | Identified the Catalogue of Floating Clay
 45084 | Depths:2 | Identified the ring of Miroer {*Tele rN++}
 45108 | Depths:2 | Noticed a juggernaut
 45119 | Depths:2 | Killed a juggernaut
 46521 | Depths:4 | Noticed an ancient lich
 46521 | Depths:4 | Noticed a golden dragon
 46574 | Depths:4 | Noticed a golden dragon
 46574 | Depths:4 | Noticed a golden dragon
 46583 | Depths:4 | Killed a golden dragon
 46584 | Depths:4 | Reached XP level 20. HP: 166/166 MP: 17/30
 46888 | Depths:5 | Entered Level 5 of the Depths
 46888 | Depths:5 | Noticed Boris
 46903 | Depths:5 | Killed Boris
 46904 | Depths:5 | Reached skill level 15 in Crossbows
 47190 | Depths:5 | Found a one-way gate to the infinite horrors of the Abyss.
 47214 | Depths:5 | Noticed the Enchantress
 47237 | Depths:5 | Killed the Enchantress
 47271 | Depths:5 | Noticed a golden dragon
 47276 | Depths:5 | Killed a golden dragon
 47398 | Depths:5 | Found a gateway to a ziggurat.
 47505 | Depths:5 | Reached skill level 1 in Evocations
 47919 | Depths:5 | Noticed a bone dragon
 47936 | Depths:5 | Killed a bone dragon
 48258 | Depths:5 | Found a gate to the Realm of Zot.
 48448 | Depths:5 | Noticed Xtahua
 48455 | Depths:5 | Killed Xtahua
 48619 | Depths:5 | Found Daeteed's Jewellery Boutique.
 48619 | Depths:5 | Found Rivvick's Gadget Emporium.
 48620 | Depths:5 | Found Goaxujah's Jewellery Boutique.
 48871 | Depths:4 | Killed an ancient lich
 48880 | Depths:4 | Paralysed by a sphinx for 4 turns
 48922 | Depths:4 | Gained mutation: A frigid envelope surrounds you and
                  | freezes all who hurt you. [demonic ancestry]
 48922 | Depths:4 | Reached XP level 21. HP: 119/176 MP: 27/31
 49218 | Depths:4 | Noticed Saint Roka
 49242 | Depths:4 | Killed Saint Roka
 49545 | Depths:4 | Killed a golden dragon
 49690 | Depths:4 | Killed a golden dragon
 50680 | Vaults:1 | Entered Level 1 of the Vaults
 50680 | Vaults:1 | Found Vuetastr Qoig's Weapon Emporium.
 50783 | Vaults:1 | Found Xedaokh's Weapon Shoppe.
 50784 | Vaults:1 | Found Zasm's Antique Weapon Shoppe.
 51416 | Vaults:1 | Reached skill level 15 in Invocations
 51862 | Vaults:1 | Found Juilinai's Assorted Antiques.
 51870 | Vaults:1 | Bought a potion of haste for 330 gold pieces
 52168 | Vaults:2 | Reached skill level 16 in Invocations
 52400 | Vaults:2 | Found Hyd Kiff's Weapon Shoppe.
 52446 | Vaults:2 | Reached XP level 22. HP: 185/185 MP: 29/34
 52501 | Vaults:2 | Found a staircase to the Crypt.
 52534 | Vaults:2 | Noticed Sojobo
 52548 | Vaults:2 | Killed Sojobo
 52549 | Vaults:2 | Reached skill level 17 in Invocations
 53423 | Vaults:3 | Reached skill level 18 in Invocations
 53444 | Vaults:3 | Found a basalt altar of Yredelemnul.
 54108 | Vaults:3 | Reached skill level 19 in Invocations
 54949 | Vaults:3 | Found a runed translucent door.
 54949 | Vaults:3 | Noticed Kipt's ghost (adept SpFE)
 55030 | Vaults:3 | Killed Kipt's ghost
 55266 | Vaults:4 | Reached skill level 20 in Invocations
 55419 | Vaults:4 | Found a flickering gateway to a bazaar.
 55431 | Bazaar   | Entered a bazaar
 55431 | Bazaar   | Found Goostry's Antique Armour Boutique.
 55438 | Bazaar   | Found Verogell's Jewellery Emporium.
 55446 | Bazaar   | Found Dofruf's Antique Weapon Emporium.
 55457 | Bazaar   | Found Ginebig's Distillery.
 55465 | Bazaar   | Bought a potion of invisibility for 56 gold pieces
 55465 | Bazaar   | Bought 2 potions of cancellation for 112 gold pieces
 55465 | Bazaar   | Bought a potion of cancellation for 56 gold pieces
 55465 | Bazaar   | Bought a potion of resistance for 70 gold pieces
 55465 | Bazaar   | Bought a potion of heal wounds for 35 gold pieces
 55465 | Bazaar   | Bought a potion of invisibility for 56 gold pieces
 55468 | Bazaar   | Found Qeraitin's General Store.
 56314 | Vaults:4 | Reached XP level 23. HP: 189/192 MP: 37/37
 56497 | Vaults:5 | Entered Level 5 of the Vaults
 56510 | Vaults:5 | Reached skill level 21 in Invocations
 56513 | Vaults:5 | Noticed Mennas
 56697 | Vaults:5 | Noticed an ancient lich
 56817 | Vaults:5 | Identified the +1 quarterstaff of Putrescence {speed, rC+
                  | rN+ Int-2}
 56929 | Vaults:5 | Reached skill level 22 in Invocations
 56969 | Vaults:5 | Noticed Boris
 56983 | Vaults:5 | Killed Boris
 57321 | Vaults:5 | Identified the +8 arbalest of the Shining Light {vorpal,
                  | Will+}
 57328 | Vaults:5 | Reached skill level 23 in Invocations
 57344 | Vaults:5 | Killed Mennas
 57401 | Vaults:5 | Killed an ancient lich
 57476 | Vaults:5 | Reached XP level 24. HP: 194/199 MP: 38/38
 57529 | Vaults:5 | Identified the +5 long sword "Jellyslayer" {freeze, Str+4}
 57539 | Vaults:5 | Identified the +9 long sword "Isoxen" {vorpal, *Drain Str+8
                  | Int-4}
 57550 | Vaults:5 | Identified the ring of Wonder {Will+ Int+2}
 57847 | Vaults:5 | Reached skill level 24 in Invocations
 58547 | Vaults:5 | Got a pair of bloodstained boots
 58548 | Vaults:5 | Identified the +0 pair of boots of Hadjma {rC++ Stlth+}
                  | (You found it on level 5 of the Vaults)
 58636 | Vaults:5 | Got a silver rune of Zot
 58903 | Vaults:5 | Got a shimmering golden amulet
 58904 | Vaults:5 | Identified the amulet of Veizut {Inacc *Drain rPois rF+
                  | Int+2} (You found it on level 5 of the Vaults)
 59659 | Zot:1    | Entered Level 1 of the Realm of Zot
 59665 | Zot:1    | Reached skill level 15 in Armour
 60265 | Zot:1    | Noticed an orb of fire
 60288 | Zot:1    | Gained mutation: You are clumsy. (Dex -2) [an orb of fire]
 60289 | Zot:1    | Gained mutation: You occasionally shout uncontrollably at
                  | your foes. [an orb of fire]
 60294 | Zot:1    | Killed an orb of fire
 60951 | Zot:2    | Killed from afar by a purple draconian

Illustrated notes

Levels and vault maps discovered:
D:1:      sevenhm_arrival_forest_fort_large_2, layout_loops_ring
D:2:      layout_rooms, nicolae_overflow_hidden_temple
D:3:      layout_rooms, chequers_ecumenical_altar_simple_redux
D:4:      layout_basic, serial_bayou_crossing
D:5:      layout_cave_pods, serial_shops, shop, lemuel_flamethrower_2,
          uniq_crazy_yiuf_cottage, uniq_duvessa
D:6:      layout_loops_ring, kennysheep_mini, gammafunk_ghost_nasty_kobolds,
          nicolae_qazlal_general_emergency, uniq_prince_ribbit1
D:7:      layout_loops_ring, minmay_temple_entry_trees,
          nemelex_dance_club_becter, uniq_joseph, uniq_maggie
D:8:      layout_basic, fedhas_altar_1, chequers_temple_overflow_minitemple,
          serial_shops, shop, shop, shop, kennysheep_mini_moat, serial_ice,
          serial_ice_b, serial_ice_d, serial_ice_i, serial_ice_e, basic_altar,
          dk_noncrumbling_2
D:9:      layout_loops_ring, erik_orc_4, kennysheep_generic_room_10
D:10:     layout_loops_ring, serial_shops, shop_statue, shop,
          nicolae_shop_crystal, nicolae_shop_behind_doors
D:11:     layout_rooms, minmay_lair_entry_grove, enter_bailey_4,
          nicolae_trove_entry_isolated, basic_altar
D:12:     layout_rooms, ploomutoo_gammafunk_ghost_potion_laboratory,
          serial_shops, nicolae_shop_waterfront
D:13:     layout_roguey, skrybe_vaults_entry_preservation, serial_rivers,
          chequers_serial_rivers_small_3, chequers_serial_rivers_large_a,
          chequers_serial_rivers_room_b, chequers_serial_rivers_large_b,
          chequers_serial_rivers_micro_a, chequers_serial_rivers_room_a,
          serial_shops, nicolae_shop_behind_doors, minivault_27, uniq_urug
D:14:     layout_basic
D:15:     gammafunk_enter_depths_forms, layout_basic, serial_shops, shop,
          uniq_kirke
Lair:1:   dragon1_lemuel, layout_cave_shapes, beast_lair_carwin_5,
          serial_bayou_shore_b
Lair:2:   layout_big_grid
Lair:3:   layout_cave_pods, spider_nest_entry_web_field
Lair:4:   layout_cave_pods, palyth_hydra_swamp_entry
Lair:5:   layout_hall_layers, slime_altar_1, grunt_megastairs_2,
          infiniplex_staircase_pool
Lair:6:   gammafunk_lair_ancient_temple, layout_concentric_octagons, uniq_snorg,
          uniq_josephine
Swamp:1:  layout_basic_swamp, evilmike_swamp_ruin_rubble_1, swamp_pool4
Swamp:2:  layout_basic_swamp, evilmike_swamp_ruin_house_1, swamp_pool1,
          ldierk_geyser
Swamp:3:  layout_basic_swamp, evilmike_swamp_ruin_house_2
Swamp:4:  swamp, layout_basic_swamp, infiniplex_staircase_pool_2
Spider:1: layout_spider_delve, uniq_aizul
Spider:2: layout_spider_delve
Spider:3: layout_spider_delve
Spider:4: grunt_spider_rune_circles, drop_trap, hangedman_stitches_earthworm,
          uniq_mara
Orc:1:    layout_diamond_mine
Orc:2:    grunt_orc_cross, layout_diamond_mine, uniq_nessos
Vaults:1: v_misc_9, v_misc_30, vaults_room_pools,
          nicolae_vaults_little_squares_3, v_rooms_2,
          nicolae_vaults_puzzle_piece, ontoclasm_vaults_tryst, v_rooms_3,
          nicolae_vaults_ring_of_whatevers, layout_vaults_omnibox, serial_shops,
          shop, nicolae_shop_waterfront, shop, shop
Vaults:2: vaults_dpeg_encased_lava, st_more_cells, nicolae_vaults_network_s,
          nicolae_vaults_rhombus_7, v_misc_5, minmay_crypt_entry_simple_round,
          vaults_room_boxed, grunt_vaults_hallway_long, dpeg_vaults_monster_box,
          v_misc_25, serial_ice_h, nicolae_vaults_twisting_passages,
          grunt_vaults_funnel, v_misc_13, layout_vaults_maze_bifur,
          serial_shops, shop, uniq_sojobo
Vaults:3: ebering_vaults_ghost_inner_flame, hangedman_vaults_corner,
          vaults_room_grunt_arrival_ludios, v_misc_9,
          grunt_vaults_hallway_short, serial_ice_m, nicolae_vaults_what_the_h,
          v_alt_pattern_1, vaults_mumra_hex, v_rooms_5,
          nicolae_vaults_shelves_hall, vaults_mumra_chevron,
          vaults_room_hallway, layout_vaults_big_room, basic_altar
Vaults:4: nicolae_vaults_big_angled_halls, grunt_vaults_swirl,
          vaults_standard_mumra_x, vaults_room_corners,
          nicolae_vaults_statue_guard, layout_vaults_omnigrid, serial_shops,
          bzr_entry_lakeside
Vaults:5: serial_shops, uniq_mennas
Depths:1: layout_roguey, grunt_mini_vestibule, pan_entry, minmay_door_square,
          grunt_decor_junction, minmay_checkered_concentric_circles
Depths:2: minmay_the_grid_triangle_9x9_rhombus_full_mashed
          [minmay_the_grid_triangle_9x9_zippers_vertical,
          minmay_the_grid_triangle_9x9_tough_junction,
          minmay_the_grid_triangle_9x9_sparse_checkered,
          minmay_the_grid_triangle_9x9_corruption,
          minmay_the_grid_triangle_9x9_intruding_spiral,
          minmay_the_grid_triangle_9x9_empty,
          minmay_the_grid_triangle_9x9_warning,
          minmay_the_grid_triangle_9x9_prize_schism], layout_honeycomb,
          pf_dread_powers_of_hell, minivault_14, hangedman_decor_diamond_cutter,
          uniq_asterion
Depths:3: minmay_bloctagon_deflated, layout_cave_shapes,
          minmay_tree_intersection, hell_entry, rand_demon_pan_entry_1,
          serial_shops, bzr_firewalk, uniq_nikola
Depths:4: lemuel_flame_loot_2, layout_gridlike, hangedman_decor_slide_cut,
          hangedman_coc_ice_floe, rand_demon_pan_entry_9, abyss_entry,
          moated_statue, evilmike_ambush [evilmike_ambush_outer_basic,
          evilmike_ambush_inner_cross], uniq_saint_roka
Depths:5: grunt_zot_entry_hairpin, layout_basic, enter_ziggurat_c,
          hangedman_tar_grid_catacomb, minmay_misc_feat_nine_boxes,
          rand_demon_pan_entry_4, abyss_entry, minmay_shop_grove,
          uniq_enchantress, uniq_xtahua, uniq_boris
Zot:1:    layout_onion_interference
Zot:2:    layout_onion_interference, grunt_megastairs_4

Skill      XL: |  1  2  3  4  5  6  7  8  9 10 11 12 13 14 15 16 17 18 19 20 21 22 23 24 |
---------------+-------------------------------------------------------------------------+-----
Axes           | 3 4 5 6 7 9 10 12 13 14 16 17 19 20 21 | 21.0
Fighting       | 3 4 5 6 8 9 10 12 13 15 16 17 18 19 | 19.5
Invocations    | 4 7 10 12 13 14 16 20 23 24 | 24.3
Armour         | 1 4 6 8 9 10 11 12 14 16 | 16.1
Crossbows      | 7 11 12 14 16 18 | 18.0
Evocations     | 1 |  1.1
Dodging        | 4 |  4.1
Throwing       | |  1.7

Action                   |  1- 3 |  4- 6 |  7- 9 | 10-12 | 13-15 | 16-18 | 19-21 | 22-24 || total
-------------------------+-------+-------+-------+-------+-------+-------+-------+-------++-------
Melee: War axe           |   154 |   108 |   109 |       |       |       |       |       ||   371
       Battleaxe         |       |       |   105 |   601 |   952 |   767 |   553 |       ||  2978
       Morningstar       |       |       |       |       |    38 |       |       |       ||    38
       Executioner's axe |       |       |       |       |    15 |    51 |   193 |   508 ||   767
 Fire: Hunting sling     |       |       |     4 |    28 |    27 |       |       |       ||    59
       Arbalest          |       |       |       |       |   137 |   325 |   417 |   526 ||  1405
Throw: Stone             |       |       |    30 |     9 |       |       |       |       ||    39
       Throwing net      |       |       |       |       |     1 |     2 |       |       ||     3
       Boomerang         |       |       |       |       |     1 |       |       |       ||     1
Invok: Upheaval          |       |       |       |    18 |    14 |     8 |    15 |    25 ||    80
       Elemental Force   |       |       |       |       |     3 |       |     2 |       ||     5
       Disaster Area     |       |       |       |       |       |     1 |     1 |     2 ||     4
Evoke: Wand              |       |       |     4 |       |     1 |     1 |       |       ||     6
       Condenser vane    |       |       |       |       |     1 |       |       |       ||     1
  Use: Scroll            |     1 |     7 |     7 |     7 |    23 |    12 |     6 |    15 ||    78
       Potion            |       |       |     4 |     2 |     1 |       |       |     1 ||     8
 Stab: Sleeping          |       |     3 |       |       |       |       |       |       ||     3
       Invisible         |       |       |     1 |       |     3 |       |       |       ||     4
       Held in net/web   |       |       |       |       |       |     1 |       |       ||     1
Armor: Leather armour    |    49 |    31 |    53 |       |       |       |       |       ||   133
       Chain mail        |       |       |     7 |   292 |   337 |       |       |       ||   636
       Gold dragon scale |       |       |       |       |   317 |   784 |   473 |   538 ||  2112
Dodge: Dodged            |   105 |    65 |   122 |   367 |   602 |   474 |   232 |   243 ||  2210
       Repelled          |       |       |       |       |     6 |     8 |     8 |    12 ||    34
Block: Other             |       |       |     3 |   114 |   256 |   404 |   237 |   214 ||  1228
